 Dungeon Crawl Stone Soup version 0.31-a0-232-gb1c03b2570 (webtiles) character file.

Game seed: 4680661789100170605

93 qw the Shooter (level 4, -1/36 HPs)
             Began as a Minotaur Hexslinger on July 7, 2023.
             Succumbed to a water moccasin's poison
             ... on level 5 of the Dungeon.
             The game lasted 00:00:34 (1556 turns).

qw the Shooter (Minotaur Hexslinger)                Turns: 1556, Time: 00:00:34

Health: -1/36      AC:  4    Str: 13    XL:     4   Next: 37%
Magic:  4/4        EV: 12    Int: 10    God:
Gold:   97         SH:  0    Dex: 14    Spells: 4/5 levels left

rFire   . . .        Y - +1 sling
rCold   . . .        (no shield)
rNeg    . . .        a - +0 leather armour
rPois   .            (helmet restricted)
rElec   .            h - +0 cloak
rCorr   .            (no gloves)
SInv    .            (no boots)
Will    .....        (no amulet)
Stlth   +            (no ring)
HPRegen 0.26/turn    (no ring)
MPRegen 0.09/turn

%: no passive effects
@: lethally poisoned (-1 -> -11)
A: horns 2, retaliatory headbutt
a: no special abilities


You were on level 5 of the Dungeon.
You visited 1 branch of the dungeon, and saw 4 of its levels.

You collected 97 gold pieces.


Innate Abilities, Weirdness & Mutations

You have a pair of horns on your head.
You reflexively headbutt those who attack you in melee.


   Skills:
 - Level 2.0 Fighting
 + Level 4.9 Ranged Weapons
 - Level 2.1 Dodging
 - Level 1.0 Spellcasting
 - Level 2.0 Hexes


You had 4 spell levels left.
You knew the following spells:

 Your Spells              Type           Power      Damage    Failure   Level
a - Slow                  Hex            16%        N/A       19%         1

Your spell library contained the following spells:

 Spells                   Type           Power      Damage    Failure   Level
 Inner Flame              Hex/Fire       2%         N/A       65%         3
 Portal Projectile        Hex/Tloc       4%         N/A       65%         3
 Cause Fear               Hex            2%         N/A       88%         4

Inventory:

Hand Weapons
 Y - a +1 sling (weapon)
Armour
 a - a +0 leather armour (worn)
 h - a +0 cloak (worn)
Scrolls
 d - a scroll of brand weapon {unknown}
Potions
 b - a potion of curing {unknown}
 c - a potion of enlightenment {unknown}
 g - a potion of attraction {unknown}
 k - a potion of magic {unknown}
 l - a potion of degeneration {unknown}

Dungeon Overview and Level Annotations

Branches:
Dungeon (3/15)

Altars:


Message History

The sling bullet hits the water moccasin but does no damage.
You feel very sick. The water moccasin closely misses you.
The water moccasin bites you but does no damage.
You shoot a sling bullet.
The sling bullet misses the water moccasin.
You feel very sick. The water moccasin barely misses you.
The water moccasin bites you but does no damage.
You shoot a sling bullet.
The sling bullet closely misses the water moccasin.
You feel sick.
The water moccasin bites you but does no damage.
You shoot a sling bullet.
The sling bullet closely misses the water moccasin.
You feel sick.
The water moccasin completely misses you.
The water moccasin closely misses you.
You shoot a sling bullet.
The sling bullet hits the water moccasin.
The water moccasin is lightly wounded.
You feel sick. The water moccasin bites you. x2
You shoot a sling bullet.
The sling bullet misses the water moccasin.
You feel sick. The water moccasin bites you.
You shoot a sling bullet.
The sling bullet hits the water moccasin.
The water moccasin is moderately wounded.
You feel sick. The water moccasin closely misses you. You furiously retaliate!
You headbutt the water moccasin. The water moccasin bites you.
You are lethally poisoned!
The water moccasin poisons you!
You shoot a sling bullet.
The sling bullet barely misses the water moccasin.
You feel very sick. The water moccasin bites you.
The water moccasin completely misses you.
You shoot a sling bullet.
The sling bullet closely misses the water moccasin.
You die...

##..¤~ #...¤#
#....+ .
##...~###~.
#....~~~~~.
##..........
#...........
#..@........
#.S7........
#..P7........
##....7......
##..........
##.........
###.......
#######


You could see a water moccasin.

Vanquished Creatures
  6 adders
  2 dart slugs
  An orc (D:3)
  5 ball pythons
  2 bats
  3 endoplasms
  A giant cockroach (D:2)
  2 hobgoblins
  4 jackals (D:1)
  3 frilled lizards
  A goblin (D:3)
  4 kobolds (D:1)
  4 rats
38 creatures vanquished.

Notes
Turn   | Place    | Note
-------+----------+-------------------------------------------
     0 | D:1      | qw the Minotaur Hexslinger began the quest for the Orb.
     0 | D:1      | Reached XP level 1. HP: 16/16 MP: 1/1
     0 | D:1      | 0 ||| qw: Version: 0.3-a-46-gb1f654a
     0 | D:1      | 0 ||| qw: Game counter: 2573
     0 | D:1      | 0 ||| qw: Melee chars always use a shield: true
     0 | D:1      | 0 ||| qw: God list: Okawaru
     0 | D:1      | 0 ||| qw: Allow faded altars: false
     0 | D:1      | 0 ||| qw: Do Orc after clearing Dungeon:15 true
     0 | D:1      | 0 ||| qw: Do second Lair branch before Depths: true
     0 | D:1      | 0 ||| qw: Lair rune preference: random
     0 | D:1      | 0 ||| qw: Goals: Normal
     0 | D:1      | 0 ||| PLANNING D:1-11
   197 | D:1      | Reached skill level 3 in Ranged Weapons
   199 | D:1      | Reached XP level 2. HP: 13/23 MP: 2/2
   199 | D:1      | 199 ||| FLEEEEING.
   718 | D:1      | 718 ||| UPGRADING to +0 cloak.
   723 | D:1      | 723 ||| DROPPING ring of flight.
   724 | D:1      | 724 ||| READING 2 scrolls labelled INAHIS JANITOQ.
   725 | D:1      | 725 ||| READING scroll labelled SAWAIKHILOSS.
   730 | D:1      | 730 ||| READING scroll labelled NIUKI VEMMEID.
   731 | D:1      | 731 ||| READING scroll labelled UCEORRABBA.
   732 | D:1      | 732 ||| DROPPING scroll of fog.
   733 | D:1      | 733 ||| DROPPING scroll of poison.
   782 | D:2      | Found a faded altar of an unknown god.
   819 | D:2      | Reached XP level 3. HP: 27/29 MP: 3/3
   891 | D:2      | Reached skill level 4 in Ranged Weapons
   948 | D:2      | Found Veleopt's Antique Weapon Shop.
  1176 | D:2      | Reached XP level 4. HP: 36/36 MP: 4/4
  1352 | D:2      | 1352 ||| UPGRADING to +0 leather armour.
  1362 | D:2      | 1362 ||| DROPPING +0 robe.
  1544 | D:3      | You fall into a shaft and drop 2 floors!
  1544 | D:5      | Entered Level 5 of the Dungeon
  1546 | D:5      | Noticed a water moccasin
  1554 | D:5      | HP: 7/36 [water moccasin (3)]
  1555 | D:5      | HP: 3/36 [poisoned by a water moccasin]
  1556 | D:5      | Succumbed to a water moccasin's poison

Levels and vault maps discovered:
D:1:      psy_arrival_heroes, layout_basic, serial_aquarium,
          aquarium_bridge_straight [aquarium_subvault_bridge,
          aquarium_subvault_wall, aquarium_subvault_bridge,
          aquarium_subvault_balcony], aquarium_bridge_straight
          [aquarium_subvault_bridge, aquarium_subvault_wall,
          aquarium_subvault_bridge, aquarium_subvault_wall],
          aquarium_window_fake, aquarium_window_corner, aquarium_view_2d,
          aquarium_view_2c, aquarium_balcony_3b, aquarium_pool_1, minmay_cut_off
D:2:      layout_loops_cross, serial_shops, shop,
          hellmonk_ecumenical_altar_run_dry
D:3:      layout_rooms, serial_aquarium, aquarium_bridge_straight
          [aquarium_subvault_bridge, aquarium_subvault_window,
          aquarium_subvault_bridge, aquarium_subvault_wall],
          aquarium_window_corridor_3, aquarium_window_2, aquarium_window_corner,
          aquarium_view_2d, aquarium_view_2c, aquarium_pool_2
D:5:      layout_cave_pods, zin_angel, pdpol_wu_jian_five_deadly_venoms,
          kennysheep_mini_moat, cheibriados_altar_1, serial_demonic,
          serial_demonic_c, serial_demonic_c, serial_demonic_g,
          serial_demonic_a, serial_demonic_a, serial_demonic_g,
          serial_demonic_c, serial_shops, nicolae_shop_real_fake_doors,
          chequers_serial_rivers_large_b, uniq_crazy_yiuf_cottage

Skill      XL: |  1  2  3 |
---------------+----------+-----
Ranged Weapons | 3 4 |  4.9
Fighting       | 2 |  2.0
Dodging        | |  2.1
Spellcasting   | |  1.0
Hexes          | |  2.0

Action                     |  1- 3 |  4- 6 || total
---------------------------+-------+-------++-------
   Fire: Sling             |    85 |    34 ||   119
    Use: Scroll            |     4 |       ||     4
 Armour: Robe              |    10 |       ||    10
         Leather armour    |       |     6 ||     6
  Dodge: Dodged            |    52 |    22 ||    74

Table legend:
 A = Non-vault XP
 B = Vault XP
 C = Vault XP percentage of total XP
 D = Non-vault monster count
 E = Vault monster count
 F = Vault count percentage of total count
                 A         B        C        D         E       F
            +---------+---------+-------+---------+---------+-------
      Total |     130 |       4 |   3.0 |      35 |       3 |   7.9
            +---------+---------+-------+---------+---------+-------
        D:1 |      21 |       4 |  16.0 |      11 |       3 |  21.4
        D:2 |      86 |       0 |   0.0 |      17 |       0 |   0.0
        D:3 |      23 |       0 |   0.0 |       7 |       0 |   0.0
            +---------+---------+-------+---------+---------+-------
